 Dungeon Crawl Stone Soup version 0.18-a0-1521-g59d19af (webtiles) character file.

52 Kilingo the Cudgeler (level 3, 0/39 HPs)
             Began as an Ogre Berserker on Mar 7, 2016.
             Was a Follower of Trog.
             Slain by an adder (2 damage)
             ... on level 3 of the Dungeon.
             The game lasted 00:18:41 (2229 turns).

Kilingo the Cudgeler (Ogre Berserker)               Turns: 2229, Time: 00:18:42

Health: 0/39       AC:  3    Str: 22    XL:     3   Next: 85%
Magic:  3/3        EV: 10    Int:  6    God:    Trog [*.....]
Gold:   154        SH:  0    Dex: 10    Spells: 0 memorised, 2 levels left

rFire  . . .     SeeInvis .     a - +0 mace
rCold  . . .     Gourm    .     b - +0 animal skin
rNeg   . . .     Faith    .     (no shield)
rPois  .         Spirit   .     (helmet restricted)
rElec  .         Dismiss  .     (no cloak)
rCorr  .         Reflect  .     (gloves unavailable)
SustAt .         Harm     .     (boots unavailable)
MR     ++...                    (no amulet)
Stlth  +.........               (no ring)
                                (no ring)

@: lethally poisoned (0 -> 0), regenerating, very resistant to hostile
enchantments, very unstealthy
A: unfitting armour, tough skin 1
a: Berserk, Burn Spellbooks, Renounce Religion


You were on level 3 of the Dungeon.
You worshipped Trog.
Trog was aware of your devotion.
You were not hungry.

You visited 1 branch of the dungeon, and saw 4 of its levels.

You collected 154 gold pieces.

Inventory:

Hand Weapons
 a - a +0 mace (weapon)
 p - a +3 mace
Missiles
 d - 200 stones (quivered)
 j - 4 large rocks
Armour
 b - a +0 animal skin (worn)
 m - a +0 shield
Wands
 u - a wand of random effects (14/48)
Scrolls
 e - a scroll of random uselessness {unknown}
 k - a scroll of identify
 l - a scroll of teleportation
 n - a scroll of noise {unknown}
Potions
 f - a potion of lignification {unknown}
 g - a potion of degeneration {unknown}
 h - a potion of heal wounds {unknown}
 i - a potion of cure mutation
 t - a potion of haste {unknown}
Comestibles
 c - a bread ration
 o - a chunk of flesh
 q - a royal jelly
 r - a slice of pizza
 s - a meat ration


   Skills:
 - Level 4.0 Fighting
 - Level 4.0 Maces & Flails
 + Level 3.0 Throwing
 + Level 3.0 Dodging


You had 2 spell levels left.
You didn't know any spells.

Dungeon Overview and Level Annotations

Branches:
Dungeon (4/15)
 Temple: D:4-7

Altars:
Cheibriados
Trog


Innate Abilities, Weirdness & Mutations

You are too large for most types of armour.
You have tough skin (AC +1).


Message History

Read which item? (? for menu, Esc to quit)
As you read the scroll labeled IXKEBA PAEXON, it crumbles to dust.
It is a scroll of identify.
Identify which item? (\ to view known items) (? for menu, Esc to quit)
p - a +3 mace You feel sick.
The adder bites you.
* * * LOW HITPOINT WARNING * * *
You are more poisoned.
The adder poisons you!
Your skin crawls.
You feel resistant to hostile enchantments.
You feel slightly more hungry.
You can no longer call upon Trog for regeneration and protection from hostile enchantments.
You feel sick. The adder bites you.
* * * LOW HITPOINT WARNING * * *
You feel sick. The adder bites you.
* * * LOW HITPOINT WARNING * * *
You feel sick.
You feel sick. The adder bites you.
You die...

#.#
#.....#..............#
#.#
#.....######..###.####
###.# ####### ##.....#
....# #.##### #####
#.# ####### #.#
......# #.# #...#.#
#########g#
....#.#####.....@S..#
#...........#########
##.##.####### ...##.#
......# #######


You could see an adder and a goblin.

Vanquished Creatures
  An ooze (D:1)
  3 worms
  A dart slug (D:2)
  3 bats (D:1)
  4 goblins
  7 hobgoblins
  4 jackals (D:1)
  A giant newt (D:3)
  6 kobolds
  7 rats
37 creatures vanquished.

Notes
Turn   | Place    | Note
--------------------------------------------------------------
     0 | D:1      | Kilingo the Ogre Berserker began the quest for the Orb.
     0 | D:1      | Reached XP level 1. HP: 24/24 MP: 1/1
   109 | D:1      | Reached skill level 1 in Throwing
   119 | D:1      | Reached XP level 2. HP: 28/32 MP: 2/2
   747 | D:1      | Found a snail-covered altar of Cheibriados.
   794 | D:1      | Reached XP level 3. HP: 35/39 MP: 3/3
  1545 | D:2      | You fall through a shaft for 2 floors!
  1545 | D:4      | Noticed an ogre
  1637 | D:3      | Noticed a moth of wrath
  1641 | D:3      | Found a bloodstained altar of Trog.
  2134 | D:3      | Reached ** piety under Trog
  2229 | D:3      | Slain by an adder

Vault maps used:
D:1:      dpeg_arrival_castle, moated_statue, cheibriados_altar_1
D:3:      tgw_trog, hangedman_decor_growths, minivault_19
D:4:      minmay_opposing_rooms, kennysheep_mini_moat, uniq_grinder

Skill      XL: |  1  2  3 |
---------------+----------+-----
Throwing       | 1 2 3 |  3.0
Dodging        | 3 |  3.0
Fighting       | |  4.0
Maces & Flails | |  4.0

Action                   || total
-------------------------++-------
Melee: Mace              ||    82
Throw: Stone             ||    98
       Large rock        ||     1
Invok: Trog's Hand       ||     1
  Use: Scroll            ||     2
       Potion            ||     1
 Stab: Distracted        ||     1
       Sleeping          ||     1
  Eat: Chunk             ||     4
